General information
- name: BNet
- type: Ladder team game (AT/RT)
- host: Battle.net
- saver:
map: MarketSquare
- players: 8
- length: 53:52
- speed: Fast
- version: 1.26 W3XP
- replay type: Public
» download(284 KB)
Players
team 1 (winner)
Ladiesfirst (
orange | 83 APM | 1951 actions | 23:25)
3 Dreadlord
2 Vampiric Aura
1 Carrion Swarm
» actions
| Assign group hotkey | 65 | |
| Basic commands | 82 | |
| Build / train | 66 | |
| ESC pressed | 2 | |
| Enter build submenu | 19 | |
| Enter hero's abilities submenu | 3 | |
| Right click | 754 | |
| Select / deselect | 386 | |
| Select group hotkey | 535 | |
| Use ability | 39 | |
1951 total
» units
| Acolyte | 14 | |
| Ghoul | 24 | |
| Banshee | 4 | |
| Necromancer | 8 | |
50 total
» upgrades
» buildings
| Altar of Darkness | 1 | |
| Ziggurat | 5 | |
| Crypt | 1 | |
| Tomb of Relics | 1 | |
| Graveyard | 1 | |
| Nerubian Tower | 1 | |
| Halls of the Dead | 1 | |
| Spirit Tower | 3 | |
| Temple of the Damned | 2 | |
| Sacrificial Pit | 1 | |
| Slaughterhouse | 1 | |
18 total
» build order
00:35 Altar of Darkness
00:40 Ziggurat
00:42 Crypt
01:35 Tomb of Relics
01:43 Ziggurat
02:04 Graveyard
02:20 Ziggurat
03:16 Nerubian Tower
05:21 Halls of the Dead
05:32 Spirit Tower
07:48 Temple of the Damned
07:59 Temple of the Damned
09:22 Ziggurat
10:17 Spirit Tower
12:24 Sacrificial Pit
14:43 Ziggurat
17:09 Slaughterhouse
20:26 Spirit Tower
» items
| Rod of Necromancy | 1 | |
| Sacrificial Skull | 4 | |
| Scroll of Town Portal | 1 | |
6 total
DISGRACE-KID (
teal | 59 APM | 3196 actions | 53:52)
10 Goblin Tinker
3 Pocket Factory
3 Engineering Upgrade
1 Robo-Goblin
3 Cluster Rockets
» actions
| Assign group hotkey | 48 | |
| Basic commands | 86 | |
| Build / train | 70 | |
| Enter build submenu | 30 | |
| Enter hero's abilities submenu | 10 | |
| Give item / drop item | 7 | |
| Remove unit from queue | 1 | |
| Right click | 1490 | |
| Select / deselect | 330 | |
| Select group hotkey | 936 | |
| Use ability | 188 | |
3196 total
» units
| Peon | 18 | |
| Grunt | 3 | |
| Wind Rider | 6 | |
| Troll Batrider | 4 | |
| Kodo Beast | 3 | |
34 total
» upgrades
| Reinforced Defenses | 1 | |
| Ranged Weapons | 2 | |
| Armor | 2 | |
| Liquid Fire | 1 | |
| Envenomed Spears | 1 | |
7 total
» buildings
| Altar of Storms | 1 | |
| Barracks | 1 | |
| Orc Burrow | 7 | |
| Voodoo Lounge | 1 | |
| Stronghold | 1 | |
| War Mill | 1 | |
| Great Hall | 4 | |
| Watch Tower | 40 | |
| Beastiary | 4 | |
| Fortress | 1 | |
61 total
» build order
00:07 Altar of Storms
00:22 Barracks
00:31 Orc Burrow
01:39 Orc Burrow
02:01 Voodoo Lounge
03:02 Stronghold
03:35 Orc Burrow
03:52 War Mill
04:33 Great Hall
04:52 Orc Burrow
06:05 Watch Tower
06:05 Watch Tower
06:06 Watch Tower
06:44 Beastiary
06:45 Beastiary
07:00 Fortress
07:14 Watch Tower
07:32 Watch Tower
07:32 Watch Tower
08:22 Watch Tower
08:23 Watch Tower
08:25 Watch Tower
08:26 Watch Tower
10:00 Beastiary
10:07 Orc Burrow
10:34 Watch Tower
10:35 Watch Tower
10:36 Watch Tower
10:36 Watch Tower
10:37 Watch Tower
10:38 Watch Tower
13:40 Watch Tower
13:41 Watch Tower
15:16 Watch Tower
15:17 Watch Tower
15:18 Watch Tower
15:20 Watch Tower
15:20 Watch Tower
18:41 Watch Tower
18:42 Watch Tower
18:43 Watch Tower
18:44 Watch Tower
22:00 Beastiary
22:52 Great Hall
22:54 Watch Tower
22:54 Watch Tower
23:38 Watch Tower
23:38 Watch Tower
23:39 Watch Tower
24:09 Watch Tower
24:10 Watch Tower
27:01 Watch Tower
27:02 Watch Tower
27:03 Watch Tower
27:04 Watch Tower
27:04 Watch Tower
30:13 Orc Burrow
34:47 Great Hall
35:21 Great Hall
» items
| Healing Salve | 5 | |
| Staff of Teleportation | 1 | |
| Scroll of Town Portal | 2 | |
| Orb of Lightning | 1 | |
| Potion of Invisibility | 1 | |
| Potion of Healing | 1 | |
| Potion of Lesser Invulnerability | 1 | |
| Lesser Clarity Potion | 2 | |
14 total
Spizikes (
red | 30 APM | 1465 actions | 48:58)
8 Priestess of the Moon
3 Trueshot Aura
3 Searing Arrows
1 Starfall
1 Scout
» actions
| Basic commands | 10 | |
| Build / train | 109 | |
| Enter build submenu | 26 | |
| Enter hero's abilities submenu | 8 | |
| Remove unit from queue | 11 | |
| Right click | 659 | |
| Select / deselect | 584 | |
| Use ability | 58 | |
1465 total
» units
| Wisp | 11 | |
| Archer | 15 | |
| Hippogryph | 32 | |
| Druid of the Talon | 6 | |
| Faerie Dragon | 3 | |
| Chimaera | 4 | |
| Druid of the Claw | 1 | |
72 total
» upgrades
| Improved Bows | 1 | |
| Hippogryph Taming | 1 | |
| Ultravision | 1 | |
| Strength of the Moon | 2 | |
| Moon Armor | 1 | |
| Marksmanship | 1 | |
| Strength of the Wild | 2 | |
| Reinforced Hides | 2 | |
| Druid of the Talon Training | 2 | |
| Mark of the Talon | 1 | |
14 total
» buildings
| Altar of Elders | 1 | |
| Moon Well | 7 | |
| Ancient of War | 1 | |
| Ancient of Wonders | 2 | |
| Tree of Ages | 1 | |
| Ancient of Wind | 2 | |
| Tree of Eternity | 1 | |
| Hunter's Hall | 1 | |
| Chimaera Roost | 1 | |
| Ancient Protector | 3 | |
20 total
» build order
00:08 Altar of Elders
00:14 Moon Well
00:48 Ancient of War
01:37 Moon Well
01:58 Ancient of Wonders
02:37 Moon Well
03:52 Tree of Ages
04:35 Moon Well
06:55 Ancient of Wind
07:59 Tree of Eternity
09:19 Moon Well
09:32 Ancient of Wonders
10:39 Hunter's Hall
10:43 Moon Well
11:39 Moon Well
13:41 Ancient of Wind
23:55 Chimaera Roost
43:01 Ancient Protector
43:21 Ancient Protector
44:05 Ancient Protector
» items

»
Crediton (
purple | 38 APM | 1361 actions | 35:29)
9 Keeper of the Grove
3 Force of Nature
3 Entangling Roots
1 Tranquility
2 Thorns Aura
» actions
| Build / train | 93 | |
| Enter build submenu | 27 | |
| Enter hero's abilities submenu | 11 | |
| Remove unit from queue | 1 | |
| Right click | 607 | |
| Select / deselect | 540 | |
| Use ability | 82 | |
1361 total
» units
| Wisp | 28 | |
| Archer | 3 | |
| Huntress | 2 | |
| Dryad | 4 | |
| Druid of the Claw | 3 | |
| Mountain Giant | 5 | |
| Hippogryph | 14 | |
| Chimaera | 3 | |
62 total
» upgrades
| Reinforced Hides | 2 | |
| Strength of the Wild | 2 | |
| Druid of the Claw Training | 3 | |
| Abolish Magic | 1 | |
| Resistant Skin | 1 | |
| Hardened Skin | 1 | |
| Corrosive Breath | 1 | |
11 total
» buildings
| Altar of Elders | 1 | |
| Moon Well | 8 | |
| Ancient of War | 1 | |
| Ancient of Wonders | 1 | |
| Hunter's Hall | 1 | |
| Ancient Protector | 5 | |
| Tree of Ages | 4 | |
| Ancient of Lore | 2 | |
| Tree of Eternity | 1 | |
| Ancient of Wind | 1 | |
| Tree of Life | 3 | |
| Chimaera Roost | 1 | |
29 total
» build order
00:51 Altar of Elders
01:06 Moon Well
01:47 Ancient of War
01:58 Moon Well
02:07 Ancient of Wonders
02:56 Moon Well
03:00 Hunter's Hall
03:43 Moon Well
04:45 Ancient Protector
05:09 Tree of Ages
05:09 Tree of Ages
05:09 Tree of Ages
06:04 Ancient Protector
06:08 Ancient Protector
06:47 Moon Well
06:49 Ancient Protector
09:00 Ancient of Lore
09:06 Ancient of Lore
09:13 Tree of Eternity
11:02 Moon Well
16:43 Moon Well
18:18 Ancient of Wind
19:03 Moon Well
20:03 Tree of Life
25:32 Chimaera Roost
28:45 Tree of Life
31:19 Tree of Life
31:23 Ancient Protector
» items
| Scroll of Town Portal | 2 | |
| Potion of Healing | 1 | |
| Orb of Venom | 1 | |
4 total
team 2 (loser)
Trollfather (
blue | 40 APM | 2164 actions | 53:52)
10 Blood Mage
3 Flame Strike
3 Siphon Mana
1 Summon Phoenix
3 Banish
» actions
| Assign group hotkey | 41 | |
| Basic commands | 95 | |
| Build / train | 118 | |
| Enter build submenu | 69 | |
| Enter hero's abilities submenu | 10 | |
| Give item / drop item | 3 | |
| Right click | 944 | |
| Select / deselect | 433 | |
| Select group hotkey | 264 | |
| Use ability | 187 | |
2164 total
» units
| Peasant | 15 | |
| Footman | 3 | |
| Sorceress | 2 | |
| Gryphon Rider | 8 | |
28 total
» upgrades
| Lumber Harvesting | 2 | |
| Masonry | 3 | |
| Magic Sentry | 1 | |
| Sorceress Training | 1 | |
| Storm Hammers | 1 | |
| Swords | 3 | |
| Animal War Training | 1 | |
| Armor | 3 | |
| Cloud | 1 | |
16 total
» buildings
| Altar of Kings | 1 | |
| Barracks | 1 | |
| Farm | 5 | |
| Arcane Vault | 2 | |
| Keep | 1 | |
| Lumber Mill | 1 | |
| Scout Tower | 55 | |
| Town Hall | 4 | |
| Guard Tower | 19 | |
| Castle | 1 | |
| Arcane Tower | 2 | |
| Arcane Sanctum | 1 | |
| Gryphon Aviary | 4 | |
| Blacksmith | 2 | |
99 total
» build order
00:52 Altar of Kings
00:55 Barracks
00:56 Farm
01:06 Farm
01:27 Farm
01:35 Farm
02:47 Arcane Vault
03:42 Keep
03:45 Lumber Mill
05:09 Scout Tower
05:10 Scout Tower
05:10 Scout Tower
05:10 Scout Tower
05:18 Town Hall
05:32 Scout Tower
05:32 Scout Tower
05:33 Scout Tower
05:37 Scout Tower
05:44 Scout Tower
06:16 Guard Tower
06:20 Scout Tower
06:28 Scout Tower
06:28 Scout Tower
06:28 Scout Tower
06:30 Scout Tower
06:50 Castle
06:53 Guard Tower
07:48 Guard Tower
07:53 Scout Tower
08:19 Guard Tower
08:52 Guard Tower
08:54 Guard Tower
09:45 Scout Tower
09:46 Scout Tower
09:47 Scout Tower
09:47 Scout Tower
09:48 Scout Tower
09:50 Scout Tower
09:56 Scout Tower
09:58 Scout Tower
10:00 Scout Tower
10:01 Scout Tower
11:06 Guard Tower
11:19 Scout Tower
11:20 Scout Tower
12:07 Arcane Tower
12:08 Scout Tower
12:15 Arcane Sanctum
12:40 Arcane Tower
15:15 Gryphon Aviary
15:15 Gryphon Aviary
15:16 Gryphon Aviary
15:17 Gryphon Aviary
15:23 Blacksmith
16:58 Blacksmith
18:30 Farm
22:16 Scout Tower
22:19 Scout Tower
22:21 Scout Tower
22:23 Scout Tower
22:24 Scout Tower
22:25 Scout Tower
22:25 Scout Tower
22:26 Scout Tower
24:03 Guard Tower
25:52 Town Hall
25:56 Scout Tower
25:57 Scout Tower
25:57 Scout Tower
25:57 Scout Tower
25:59 Scout Tower
25:59 Scout Tower
26:00 Scout Tower
26:00 Scout Tower
26:03 Scout Tower
28:39 Guard Tower
29:48 Town Hall
29:51 Scout Tower
29:51 Scout Tower
30:06 Scout Tower
30:06 Scout Tower
30:08 Scout Tower
30:09 Scout Tower
30:14 Scout Tower
30:19 Guard Tower
30:19 Guard Tower
30:19 Guard Tower
30:19 Guard Tower
30:20 Guard Tower
30:51 Guard Tower
30:53 Scout Tower
30:55 Guard Tower
31:36 Guard Tower
32:12 Guard Tower
33:51 Arcane Vault
41:25 Town Hall
» items
| Scroll of Regeneration | 9 | |
| Healing Salve | 1 | |
| Lesser Clarity Potion | 3 | |
| Scroll of Town Portal | 8 | |
| Boots of Speed | 1 | |
| Staff of Teleportation | 1 | |
| Potion of Invisibility | 6 | |
| Potion of Lesser Invulnerability | 3 | |
| Potion of Healing | 6 | |
| Potion of Mana | 2 | |
40 total

»
Dagger_Shawdow (
green | 37 APM | 1187 actions | 32:15)
4 Priestess of the Moon
1 Scout
2 Trueshot Aura
1 Searing Arrows
5 Keeper of the Grove
2 Force of Nature
3 Entangling Roots
» actions
| Assign group hotkey | 4 | |
| Basic commands | 15 | |
| Build / train | 132 | |
| Enter build submenu | 17 | |
| Enter hero's abilities submenu | 9 | |
| Give item / drop item | 1 | |
| Remove unit from queue | 10 | |
| Right click | 596 | |
| Select / deselect | 302 | |
| Select group hotkey | 28 | |
| Use ability | 73 | |
1187 total
» units
| Wisp | 23 | |
| Archer | 10 | |
| Hippogryph | 42 | |
| Chimaera | 6 | |
81 total
» upgrades
| Improved Bows | 1 | |
| Strength of the Moon | 3 | |
| Moon Armor | 2 | |
| Hippogryph Taming | 1 | |
| Marksmanship | 1 | |
| Nature's Blessing | 1 | |
| Corrosive Breath | 1 | |
| Strength of the Wild | 3 | |
| Reinforced Hides | 3 | |
16 total
» buildings
| Moon Well | 8 | |
| Altar of Elders | 1 | |
| Ancient of War | 1 | |
| Tree of Ages | 1 | |
| Hunter's Hall | 1 | |
| Tree of Eternity | 1 | |
| Ancient of Wind | 1 | |
| Tree of Life | 1 | |
| Ancient of Wonders | 1 | |
| Chimaera Roost | 2 | |
| Ancient Protector | 1 | |
19 total
» build order
00:06 Moon Well
00:17 Altar of Elders
01:01 Ancient of War
02:08 Moon Well
02:37 Moon Well
03:17 Tree of Ages
04:04 Moon Well
04:06 Moon Well
05:28 Hunter's Hall
08:29 Tree of Eternity
08:36 Ancient of Wind
09:09 Tree of Life
11:29 Ancient of Wonders
13:41 Chimaera Roost
13:43 Chimaera Roost
18:19 Moon Well
18:21 Moon Well
18:24 Moon Well
23:11 Ancient Protector
» items
| Scroll of Town Portal | 3 | |
| Potion of Mana | 3 | |
| Potion of Healing | 5 | |
| Staff of Preservation | 1 | |
12 total
iGoOcH (
pink | 72 APM | 2369 actions | 33:01)
8 Far Seer
3 Feral Spirit
3 Chain Lighting
1 Earth Quake
1 Far Sight
» actions
| Assign group hotkey | 15 | |
| Build / train | 70 | |
| Enter build submenu | 34 | |
| Enter hero's abilities submenu | 8 | |
| Remove unit from queue | 2 | |
| Right click | 1026 | |
| Select / deselect | 413 | |
| Select group hotkey | 667 | |
| Use ability | 134 | |
2369 total
» units
| Peon | 12 | |
| Grunt | 6 | |
| Spirit Walker | 7 | |
| Tauren | 8 | |
| Forest Troll High Priest | 1 | |
| Shaman | 3 | |
37 total
» upgrades
| Pillage | 1 | |
| Melee Weapons | 1 | |
| Armor | 2 | |
| Berserker Strength | 1 | |
| Spirit Walker Training | 2 | |
| Pulverize | 1 | |
| Reinforced Defenses | 1 | |
| Shaman Training | 2 | |
11 total
» buildings
| Altar of Storms | 1 | |
| Orc Burrow | 11 | |
| Barracks | 1 | |
| Voodoo Lounge | 1 | |
| War Mill | 1 | |
| Watch Tower | 10 | |
| Stronghold | 1 | |
| Fortress | 1 | |
| Spirit Lodge | 1 | |
| Tauren Totem | 2 | |
| Great Hall | 2 | |
| Beastiary | 1 | |
33 total
» build order
00:30 Altar of Storms
00:36 Orc Burrow
01:13 Barracks
01:33 Orc Burrow
02:19 Orc Burrow
02:47 Voodoo Lounge
04:34 War Mill
05:14 Orc Burrow
05:43 Orc Burrow
06:24 Watch Tower
06:29 Watch Tower
06:41 Watch Tower
07:23 Stronghold
07:29 Watch Tower
07:30 Watch Tower
07:44 Watch Tower
08:20 Watch Tower
09:57 Fortress
10:02 Spirit Lodge
10:06 Orc Burrow
11:08 Watch Tower
11:20 Orc Burrow
11:24 Watch Tower
11:30 Watch Tower
12:22 Tauren Totem
12:25 Tauren Totem
16:49 Orc Burrow
17:46 Orc Burrow
17:47 Orc Burrow
20:53 Orc Burrow
24:05 Great Hall
28:14 Beastiary
30:36 Great Hall
» items
| Scroll of Speed | 2 | |
| Healing Salve | 5 | |
| Scroll of Town Portal | 2 | |
9 total
KoReA4TeHwiN (
yellow | 99 APM | 3216 actions | 32:27)
5 Far Seer
3 Feral Spirit
2 Chain Lighting
4 Shadow Hunter
2 Healing Wave
2 Hex
» actions
| Assign group hotkey | 305 | |
| Basic commands | 30 | |
| Build / train | 66 | |
| ESC pressed | 9 | |
| Enter build submenu | 19 | |
| Enter hero's abilities submenu | 10 | |
| Give item / drop item | 2 | |
| Right click | 1212 | |
| Select / deselect | 305 | |
| Select group hotkey | 1149 | |
| Use ability | 109 | |
3216 total
» units
| Peon | 15 | |
| Grunt | 8 | |
| Wind Rider | 6 | |
| Troll Batrider | 13 | |
42 total
» upgrades
| Pillage | 1 | |
| Ranged Weapons | 1 | |
| Armor | 1 | |
| Envenomed Spears | 1 | |
4 total
» buildings
| Barracks | 1 | |
| Orc Burrow | 6 | |
| Altar of Storms | 1 | |
| War Mill | 1 | |
| Voodoo Lounge | 1 | |
| Watch Tower | 5 | |
| Stronghold | 1 | |
| Beastiary | 2 | |
| Great Hall | 2 | |
| Fortress | 1 | |
21 total
» build order
00:11 Barracks
00:22 Orc Burrow
00:36 Altar of Storms
01:28 Orc Burrow
03:12 Orc Burrow
03:16 War Mill
04:11 Voodoo Lounge
04:33 Watch Tower
05:48 Stronghold
07:03 Watch Tower
08:14 Watch Tower
08:40 Beastiary
08:43 Beastiary
09:35 Orc Burrow
10:02 Great Hall
10:13 Fortress
11:13 Orc Burrow
11:16 Orc Burrow
14:11 Great Hall
18:34 Watch Tower
18:35 Watch Tower
» items
| Healing Salve | 1 | |
| Lesser Clarity Potion | 2 | |
| Scroll of Speed | 2 | |
| Scroll of Town Portal | 1 | |
| Scroll of Regeneration | 1 | |
7 total
Chat log
(00:17 / All) Ladiesfirst: great 2 afk
(00:18 / All) DISGRACE-KID: lvl 1 top ell players gonna be a great game
(00:56 / Allies) Spizikes: watch out for bm rush
(01:10 / Allies) DISGRACE-KID: tech hereeeee
(01:17 / Allies) Ladiesfirst: oh gosh
(01:18 / Allies) Ladiesfirst: we are dead
(01:21 / Allies) Ladiesfirst: no tech ,please
(02:05 / Allies) Spizikes: hippo riders
(02:10 / Allies) DISGRACE-KID: wyvern
(02:19 / Allies) Crediton: omfg
(02:43 / Allies) Crediton: mgs and bears
(02:44 / Allies) Crediton: i guess
(02:59 / Allies) Ladiesfirst: necs n banshee
(03:22 / Allies) DISGRACE-KID: purp help me expo plz?
(03:26 / Allies) Crediton: wtf are you doing teal
(03:31 / Allies) Crediton: those are my wells for healing
(03:40 / Allies) Crediton: for creeping
(03:41 / Allies) DISGRACE-KID: come
(03:47 / Allies) Crediton: blow me
(03:49 / Allies) Crediton: queer
(05:52 / Allies) DISGRACE-KID: wood me
(06:10 / Allies) DISGRACE-KID: thank u friends
(06:22 / Allies) Crediton: omw
(07:13 / All) iGoOcH: you are a fucking clown orange
(08:21 / Allies) Spizikes: b
(08:32 / Allies) Crediton: whyd u tech
(08:34 / Allies) Crediton: no towerd?
(08:53 / Allies) Spizikes: no i never tower
(09:01 / Allies) DISGRACE-KID: WOOD PLZ
(09:49 / Allies) DISGRACE-KID: COMING
(09:50 / Allies) DISGRACE-KID: oj
(10:43 / Allies) DISGRACE-KID: coming
(10:52 / All) Trollfather: lol
(11:14 / Allies) Ladiesfirst: can i ahve gold teal
(11:14 / Allies) DISGRACE-KID: wood
(11:58 / Allies) DISGRACE-KID: check
(12:16 / Allies) Ladiesfirst: gold please
(13:31 / Allies) DISGRACE-KID: creep middle
(14:23 / All) Trollfather: thnx
(14:30 / All) DISGRACE-KID: dammit i wanted robo
(15:06 / Allies) DISGRACE-KID: GUYS
(15:08 / Allies) DISGRACE-KID: hit mid right
(15:47 / Allies) Crediton: drop
(16:42 / Allies) Ladiesfirst: talons will be nice
(17:12 / Allies) Spizikes: making talons and hippos
(18:31 / Allies) DISGRACE-KID: wood
(18:39 / Allies) Ladiesfirst: gold_
(19:01 / Allies) DISGRACE-KID: expo guys
(19:03 / Allies) Spizikes: purp unit
(19:21 / Allies) Ladiesfirst: regroup and hit please
(19:29 / Allies) Crediton: lemme expo
(19:32 / Allies) Ladiesfirst: gold please
(19:34 / Allies) Ladiesfirst: teal
(19:38 / Allies) Ladiesfirst: u have 6k
(19:39 / Allies) Ladiesfirst: bro
(20:06 / Allies) DISGRACE-KID: hit yell expo
(21:53 / Allies) Crediton: fuck red
(21:54 / Allies) Crediton: :(
(22:20 / Allies) Crediton: few extra hippos commin
(23:15 / Allies) Crediton: all tp?
(24:16 / Allies) DISGRACE-KID: WOOD ME niggas
(25:13 / Allies) DISGRACE-KID: ignore blue hit next base
(28:16 / Allies) DISGRACE-KID: hit green agian
(28:26 / Allies) Crediton: coulda made it
(28:29 / Allies) Crediton: if u didint fuck off
(28:47 / Allies) Crediton: gold me
(29:05 / Allies) Crediton: teal
(29:09 / Allies) Crediton: dont be so greedy
(29:11 / Allies) Crediton: else we lose
(29:14 / Allies) DISGRACE-KID: ok
(29:15 / Allies) DISGRACE-KID: ok
(29:18 / Allies) DISGRACE-KID: hoow much u need
(29:26 / Allies) Crediton: dunno enough for unitss
(30:18 / Allies) Crediton: gold mine collapsed
(30:54 / Allies) DISGRACE-KID: gogo
(31:32 / All) iGoOcH: so...
(31:36 / All) iGoOcH: blue is sitting on 4 expos
(31:38 / All) iGoOcH: and 13k gold
(31:41 / All) DISGRACE-KID: i got 20k
(31:42 / All) iGoOcH: and isnt doing shit
(31:53 / All) iGoOcH: therefore we lose
(32:02 / All) DISGRACE-KID: I GOT 20K IDIOT
(32:08 / All) iGoOcH: idgaf
(32:12 / All) iGoOcH: if blue masses tanks you lose
(32:15 / All) iGoOcH: regardless of your gold
(32:19 / All) iGoOcH: but hes retarded
(32:44 / Allies) Crediton: gold plx
(32:54 / All) iGoOcH: smh blue
(32:58 / All) iGoOcH: fucking dickhead
(33:47 / Allies) Spizikes: im going to take out blue
(33:59 / Allies) DISGRACE-KID: with what ll
(34:01 / Allies) DISGRACE-KID: ur 10 hippos
(34:10 / Allies) Crediton: gimme 2k teal
(34:14 / Allies) Spizikes: hes only has griffins
(34:30 / Allies) Crediton: he can buy more
(35:34 / Allies) DISGRACE-KID: coming
(35:35 / Allies) DISGRACE-KID: red
(37:26 / Allies) Spizikes: more gold
(37:32 / Allies) Spizikes: for chims
(37:36 / Allies) DISGRACE-KID: dont make hippos
(37:39 / Allies) DISGRACE-KID: rez his heros
(38:57 / Allies) Spizikes: nvm
(39:02 / Allies) DISGRACE-KID: hmm?
(39:09 / Allies) DISGRACE-KID: shoudl we
(39:10 / Allies) DISGRACE-KID: get siege
(39:29 / Allies) Spizikes: send me like 5 g
(39:38 / Allies) DISGRACE-KID: k
(42:22 / Allies) DISGRACE-KID: shold i get bats
(42:28 / Allies) Spizikes: yeah
(43:43 / All) DISGRACE-KID: bloodmage vs tinker battle middle gogo
(44:01 / All) DISGRACE-KID: items permitted
(44:09 / All) Trollfather: no invul pot
(44:12 / All) Trollfather: or invis
(44:12 / All) DISGRACE-KID: deal
(44:36 / All) Trollfather: aw that's really c heatin
(44:39 / All) DISGRACE-KID: lawl
(44:51 / All) DISGRACE-KID: i dont get healing from fountain as robo tho
(44:55 / All) DISGRACE-KID: so i think its a lil fair
(45:08 / All) Trollfather: not really
(45:16 / All) Trollfather: it was fair because you could use abilities
(45:26 / All) Trollfather: golem way not fair
(45:29 / All) DISGRACE-KID: healing fountain gives u a huge advantage hto
(45:38 / All) Trollfather: yeh and you get to use abilities
(45:41 / All) DISGRACE-KID: lol
(45:54 / All) Trollfather: robo goblin is an ult
(46:06 / All) DISGRACE-KID: amulet if wild prermitable?
(46:08 / All) Spizikes: he said you guys could use items and u agreed
(46:11 / All) DISGRACE-KID: oo
(46:15 / All) DISGRACE-KID: red is back
(46:23 / All) DISGRACE-KID: how about i let red have control see u vs him
(46:37 / All) DISGRACE-KID: hes in middle
(46:48 / All) Trollfather: Nah blood mage isn't duel hero
(47:03 / All) DISGRACE-KID: attack his base red!
(48:48 / All) Spizikes: gg
(49:02 / All) DISGRACE-KID: we didnt even have to stab
(49:06 / All) Trollfather: lalw
(49:16 / All) DISGRACE-KID: red and purp were demoralized
(49:33 / All) DISGRACE-KID: can u go on aim i want to creep with robo a lil bit
(49:35 / All) Trollfather: stats green
(49:41 / All) Trollfather: and look at his name
(49:42 / All) Trollfather: l;ol
(49:51 / All) Trollfather: he's probaby like 13
(50:04 / All) DISGRACE-KID: he seemed fairly decent i had to run from him
(53:30 / All) DISGRACE-KID: ur team loses?
(53:41 / All) Trollfather: red should lose for staying so long
(53:44 / All) DISGRACE-KID: yes